 Dungeon Crawl Stone Soup version 0.29.0-7-g18a832c13a (webtiles) character file.

Game seed: 5232679497111121092

61 Kahsius the Ruffian (level 3, -1/29 HPs)
             Began as a Draconian Transmuter on Aug 30, 2022.
             Slain by a gnoll
             ... wielding a +0 spear
              (3 damage)
             ... on level 2 of the Dungeon.
             The game lasted 00:03:02 (1741 turns).

Kahsius the Ruffian (Draconian Transmuter)          Turns: 1741, Time: 00:03:03

Health: -1/29      AC:  5    Str: 12    XL:     3   Next: 83%
Magic:  6/6        EV: 12    Int: 15    God:
Gold:   120        SH:  0    Dex: 11    Spells: 5/6 levels left

rFire   . . .      SeeInvis .     - Unarmed
rCold   . . .      Faith    .   (no shield)
rNeg    . . .      Spirit   .   (body armour unavailable)
rPois   .          Reflect  .   (helmet restricted)
rElec   .          Harm     .   (no cloak)
rCorr   .          Rampage  .   (no gloves)
Will    .....                   (no boots)
Stlth   +.........              (no amulet)
HPRegen 0.09/turn               (no ring)
MPRegen 0.10/turn               (no ring)

@: no status effects
A: AC +5, unfitting armour, cold-blooded
a: no special abilities


You were on level 2 of the Dungeon.
You visited 1 branch of the dungeon, and saw 2 of its levels.

You collected 120 gold pieces.

Inventory:

Scrolls
 c - 2 scrolls of poison {unknown}
Potions
 a - a potion of lignification
 b - a potion of attraction {unknown}
 d - 3 potions of curing {unknown}
 e - a potion of haste {unknown}
 f - a potion of might {unknown}


   Skills:
 + Level 2.0 Fighting
 + Level 2.2 Dodging
 + Level 3.4 Unarmed Combat
 + Level 2.4 Spellcasting
 + Level 2.5 Transmutations


You had 5 spell levels left.
You knew the following spells:

 Your Spells              Type           Power      Damage    Failure   Level
a - Beastly Appendage     Tmut           18%        N/A       8%          1

Your spell library contained the following spells:

 Spells                   Type           Power      Damage    Failure   Level
 Wereblood                Tmut           9%         N/A       11%         2
 Spider Form              Tmut/Pois      5%         N/A       36%         3
 Ice Form                 Ice/Tmut       5%         N/A       77%         4
 Passage of Golubria      Tloc           1%         N/A       91%         4
 Silence                  Hex/Air        0%         N/A       99%         5
 Lehudib's Crystal Spear  Conj/Erth      0%         10d2      100%        8


Dungeon Overview and Level Annotations

Branches:
Dungeon (2/15)

Altars:


Innate Abilities, Weirdness & Mutations

Your plain brown scales are hard. (AC +5)
You cannot fit into any form of body armour.
You are cold-blooded and may be slowed by cold attacks.


Message History

The gnoll barely misses you. The gnoll hits you with a +0 spear.
You closely miss the gnoll. Your headbutt misses the gnoll.
You tail-slap the gnoll. Your punch misses the gnoll.
The gnoll is heavily wounded.
The gnoll hits you but does no damage. The gnoll hits you with a +0 spear.
You are too injured to fight recklessly!
You are too injured to fight recklessly!
You hit the gnoll. You headbutt the gnoll.
You kill the gnoll!
The gnoll hits you but does no damage.
You are too injured to fight recklessly!
You see here a +0 spear.
The gnoll hits you with a +0 whip. The gnoll closely misses you.
The gnoll attacks as you move away! The gnoll barely misses you. x2
You see here a +0 spear.
The gnoll attacks as you move away! The gnoll hits you with a +0 spear.
The gnoll attacks as you move away! The gnoll barely misses you.
The gnoll closely misses you.
You hit the gnoll. Your kick misses the gnoll. You headbutt the gnoll.
The gnoll is heavily wounded.
The gnoll misses you. The gnoll closely misses you.
You closely miss the gnoll. You headbutt the gnoll.
The gnoll is severely wounded.
The gnoll hits you with a +0 whip.
The gnoll hits you from afar with a +0 spear.
* * * LOW HITPOINT WARNING * * *
You hit the gnoll.
You kill the gnoll!
The gnoll hits you from afar with a +0 spear!
* * * LOW HITPOINT WARNING * * *
Your Fighting skill increases to level 2!
Your horns disappear.
Your talons disappear.
The gnoll barely misses you.
Things that are here:
a +0 whip; a +0 spear; a gnoll corpse You hit the gnoll but do no damage.
The gnoll hits you but does no damage.
You hit the gnoll.
The gnoll is moderately wounded.
The gnoll hits you with a +0 spear.
You die...

####.# ..##.# # .....
#.##.# ## ##..#.
#.##.#### ##. .#...#.
#.##.##.## ##..
.......###.##.#...####...
......(..............'...
.....#.###.##)#...####(..
.......g@..##.##.## ##..
####...#####.#### ##.
#.....# #..# ## #.......#
##.# # #......## #.#
#..#...## #.########
...##..## #........# ...
..# #..#####.# .# #..
#..### .#


You could see a gnoll.

Vanquished Creatures
  3 gnolls (D:2)
  4 ball pythons
  A bat (D:1)
  2 endoplasms (D:1)
  A giant cockroach (D:2)
  A goblin (D:1)
  3 hobgoblins (D:1)
  3 jackals (D:1)
  A quokka (D:1)
  2 frilled lizards (D:1)
  6 kobolds (D:1)
  3 rats (D:1)
30 creatures vanquished.

Notes
Turn   | Place    | Note
-------+----------+-------------------------------------------
     0 | D:1      | Kahsius the Draconian Transmuter began the quest for the
                  | Orb.
     0 | D:1      | Reached XP level 1. HP: 16/16 MP: 3/3
   371 | D:1      | Reached XP level 2. HP: 7/23 MP: 3/5
  1470 | D:2      | Reached XP level 3. HP: 27/29 MP: 4/6
  1738 | D:2      | HP: 1/29 [gnoll/+0 spear (7)]
  1741 | D:2      | Slain by a gnoll

Illustrated notes

Levels and vault maps discovered:
D:1:      dpeg_arrival_three_smaller_balls, layout_basic,
          nicolae_concentric_dashed_squares_wild
D:2:      layout_loops_corners, serial_glass, glass_columns_a, glass_columns_c

Skill      XL: |  1  2  3 |
---------------+----------+-----
Dodging        | 2 |  2.2
Fighting       | 2 |  2.0
Unarmed Combat | |  3.4
Spellcasting   | |  2.4
Transmutations | |  2.5

Action                   || total
-------------------------++-------
Melee: Unarmed           ||    79
       Kick              ||    16
       Tailslap          ||    10
       Punch             ||     2
       Headbutt          ||    11
 Cast: Beastly Appendage ||    17
  Use: Scroll            ||     2
 Stab: Sleeping          ||     1
Armor: Skin              ||    17
Dodge: Dodged            ||    47
